 Dungeon Crawl Stone Soup version 0.32-a0-673-g3729bd50f8 (webtiles) character file.

Game seed: 17444914009362997023

1186 sokol815 the Trooper (level 8, -5/60 HPs)
             Began as an Octopode Fighter on Mar 10, 2024.
             Shot with a bolt by an orc warrior (14 damage)
             ... on level 4 of the Dungeon.
             The game lasted 00:08:23 (3561 turns).

sokol815 the Trooper (Octopode Fighter)             Turns: 3561, Time: 00:08:23

Health: -5/60      AC:  1    Str: 17    XL:     8   Next: 42%
Magic:  8/8        EV: 13    Int: 10    God:
Gold:   248        SH:  4    Dex: 12    Spells: 7/7 levels left

rFire   . . .        a - +2 trident (heavy)
rCold   . . .        b - +0 buckler
rNeg    . . .        (helmet restricted)
rPois   .            (no amulet)
rElec   .            (no ring)
rCorr   .            (no ring)
SInv    .            (no ring)
Will    .....        (no ring)
Stlth   ++           (no ring)
HPRegen 0.30/turn    (no ring)
MPRegen 0.11/turn    (no ring)
                     (no ring)

%: no passive effects
@: no status effects
A: almost no armour, amphibious, 8 rings, camouflage 1, gelatinous body 1,
(nimble swimmer 1), tentacles
a: no special abilities


You were on level 4 of the Dungeon.
You visited 1 branch of the dungeon, and saw 5 of its levels.

You collected 248 gold pieces.

Inventory:

Hand Weapons
 a - a +2 heavy trident (weapon)
 j - a +0 heavy flail
   (You found it on level 2 of the Dungeon)
Missiles
 e - 2 boomerangs
 s - 24 stones
Armour
 b - a +0 buckler (worn)
 i - an orb of energy
   (You found it on level 2 of the Dungeon)
Magical Staves
 o - a staff of fire {rF+}
   (You found it on level 5 of the Dungeon)
Jewellery
 f - a ring of fire {rF+, rC-}
   (You found it on level 5 of the Dungeon)
Talismans
 d - a maw talisman
   (You found it on level 1 of the Dungeon)
Scrolls
 h - a scroll of fog
 k - 3 scrolls of revelation
Potions
 c - 3 potions of enlightenment
 g - a potion of berserk rage {unknown}
 l - a potion of haste {unknown}
 m - a potion of degeneration {unknown}
 n - a potion of heal wounds {unknown}
 p - a potion of invisibility {unknown}
 J - 3 potions of curing {@q1}
 U - a potion of mutation {!q}


   Skills:
 + Level 7.5 Fighting
 + Level 7.2 Polearms
 - Level 3.0 Dodging
 - Level 3.0 Shields


You had 7 spell levels left.
You didn't know any spells.
Your spell library contained the following spells:

 Spells                   Type           Power      Damage    Failure   Level
 Summon Ice Beast         Ice/Summ       0%         N/A       82%         3
 Summon Mana Viper        Hex/Summ       0%         N/A       100%        5
 Monstrous Menagerie      Summ           0%         N/A       100%        7


Dungeon Overview and Level Annotations

Branches:
Dungeon (5/15) Zot: 25931
 Temple: D:4-7

Altars:

Shops:
D:3 !

Annotations:
D:4 Blork the orc, Edmund


Innate Abilities, Weirdness & Mutations

You cannot wear most types of armour.
You are amphibious.
You can wear up to eight rings at the same time.
Your skin changes colour to match your surroundings (Stealth+).
Your rubbery body absorbs attacks. (AC +1, EV +1)
((You are camouflaged when in or above water. (Stealth+)))
You have tentacles for arms and can constrict up to eight enemies at once.


Message History

You reach to attack!
The helpless scorpion fails to defend itself.
You impale the scorpion!!
You kill the scorpion!
Your Fighting skill increases to level 7!
Health restored: 60 Done exploring.
There is a stone staircase leading down here.
There is a stone staircase leading up here.
You climb upwards.
Level annotation: Blork the orc, Edmund
There is a stone staircase leading down here.
The kobold brigand throws a poisoned dart.
The poisoned dart hits you!
You are poisoned.
You feel very sick.
You take 3 damage, and have 57/60 hp.
You feel sick.
You take 1 damage, and have 56/60 hp.
You reach to attack!
You impale the kobold brigand!!
You feel sick.
You take 2 damage, and have 54/60 hp.
You barely miss the kobold brigand. Your grab misses the kobold brigand.
You squeeze the kobold brigand.
You feel sick. The kobold brigand barely misses you.
You block the kobold brigand's attack.
You take 1 damage, and have 53/60 hp.
You barely miss the kobold brigand. Your grab misses the kobold brigand.
Your squeeze misses the kobold brigand.
You feel sick.
The kobold brigand hits you with a +0 whip.
You take 5 damage, and have 48/60 hp.
You puncture the kobold brigand!
You kill the kobold brigand!
You feel sick.
You are no longer poisoned.
You take 2 damage, and have 46/60 hp.
You start resting.
An endoplasm comes into view.
You regained 8 hp, and now have 54/60 hp.
You reach to attack!
You puncture the endoplasm!
You kill the endoplasm!
An orc warrior and a black bear come into view.
An orc comes into view. It is wielding a +0 flail.
An orc warrior comes into view. It is wielding a +0 battleaxe.
The orc warrior shouts!
The orc warrior shouts!
You hit the black bear but do no damage.
You grab the black bear. You constrict the black bear!
The black bear closely misses you. The black bear barely misses you.
You block the black bear's attack. The black bear bites you.
The black bear misses you. The black bear barely misses you.
You take 2 damage, and have 55/60 hp.
You hit the black bear. You constrict the black bear!
The black bear goes berserk!
You puncture the black bear!
You kill the black bear!
Your Polearms skill increases to level 7!
You barely miss the orc warrior. Your grab misses the orc warrior.
The orc warrior hits you with a +0 scimitar.
You block the orc warrior's attack.
You take 5 damage, and have 50/60 hp.
You puncture the orc warrior! You grab the orc warrior.
You constrict the orc warrior, but do no damage.
The orc warrior barely misses you.
You puncture the orc warrior!
You constrict the orc warrior, but do no damage.
The orc warrior hits you with a +0 scimitar! x2
You take 22 damage, and have 28/60 hp.
MASSIVE DAMAGE!!
You are too injured to fight recklessly!
You are too injured to fight recklessly!
You impale the orc warrior!!
You kill the orc warrior!
The orc warrior unwields a +0 battleaxe.
The orc warrior wields a +0 arbalest.
The orc warrior shoots a bolt.
The bolt hits you!
* * * LOW HITPOINT WARNING * * *
You take 14 damage, and have 14/60 hp.
MASSIVE DAMAGE!!
Reach: a) +2 trident (heavy)
Press: ? - help, Dir - move target, f - orc warrior
Aim: an orc warrior, wielding a +0 arbalest and wearing a +3 plate armour (about 35% to evade your +2 heavy trident)
You reach to attack!
You puncture the orc warrior!
The orc warrior shoots a bolt.
The bolt barely misses you.
The orc warrior shoots a bolt.
The bolt hits you!
* * * LOW HITPOINT WARNING * * *
You take 6 damage, and have 8/60 hp.
You feel better.
The orc warrior shoots a bolt.
The bolt misses you.
You regained 6 hp, and now have 14/60 hp.
Reach: a) +2 trident (heavy)
Press: ? - help, Dir - move target, f/p - orc warrior
Aim: an orc warrior, wielding a +0 arbalest and wearing a +3 plate armour (moderately wounded, about 35% to evade your +2 heavy trident)
You reach to attack!
You hit the orc warrior.
The orc warrior shoots a bolt.
The bolt hits you.
* * * LOW HITPOINT WARNING * * *
You take 6 damage, and have 8/60 hp.
Reach: a) +2 trident (heavy)
Press: ? - help, Dir - move target, f/p - orc warrior
Aim: an orc warrior, wielding a +0 arbalest and wearing a +3 plate armour (heavily wounded, about 35% to evade your +2 heavy trident)
You reach to attack!
You puncture the orc warrior!
The orc warrior shoots a bolt.
The bolt hits you!
You die...

#......# ....... ......
......... ......
.........### .
..........##.
......#.....
#..........#
#.?........##
..##.#######....##.....
#..oo)@.........#..#.#
..##.#######...##..##.##
....##...#........
#....#...)........
#..........>...
##.............
#...........##
................#
#..#...........##


You could see an orc warrior and an orc.

Vanquished Creatures
  2 water moccasins (D:5)
  An orc warrior (D:4)
  A black bear (D:4)
  An ogre (D:4)
  A phantom (D:5)
  A kobold brigand (D:4)
  5 scorpions
  3 hounds
  An iguana (D:5)
  2 orc wizards (D:3)
  4 adders
  A ribbon worm (D:2)
  2 dart slugs
  5 orcs
  9 endoplasms
  2 giant cockroaches
  5 hobgoblins
  3 jackals (D:5)
  3 quokkas
  7 ball pythons
  6 bats
  4 frilled lizards (D:1)
  5 goblins
  6 kobolds
  3 rats
83 creatures vanquished.

Notes
Turn   | Place    | Note
-------+----------+-------------------------------------------
     0 | D:1      | sokol815 the Octopode Fighter began the quest for the Orb.
     0 | D:1      | Reached XP level 1. HP: 16/16 MP: 1/1
    37 | D:1      | HP: 2/16 [quokka (3)]
   151 | D:1      | Reached XP level 2. HP: 21/21 MP: 2/2
   447 | D:1      | Reached XP level 3. HP: 26/26 MP: 3/3
   686 | D:2      | Reached skill level 3 in Polearms
   994 | D:2      | Reached skill level 4 in Fighting
   994 | D:2      | Reached XP level 4. HP: 33/33 MP: 4/4
  1364 | D:3      | Found Patiwkim's Distillery.
  1569 | D:3      | HP: 4/33 [orc/+0 flail (9)]
  1820 | D:3      | HP: 8/33 [something (2)]
  1823 | D:3      | Reached XP level 5. HP: 10/38 MP: 5/5
  2203 | D:4      | Noticed an ogre
  2255 | D:4      | Noticed Blork the orc
  2255 | D:4      | Noticed Edmund
  2314 | D:4      | Reached skill level 4 in Polearms
  2315 | D:4      | Killed an ogre
  2316 | D:4      | Reached skill level 5 in Fighting
  2316 | D:4      | Reached XP level 6. HP: 45/45 MP: 6/6
  2510 | D:5      | Entered Level 5 of the Dungeon
  2510 | D:5      | Noticed a water moccasin
  2518 | D:5      | Reached skill level 5 in Polearms
  2561 | D:5      | Killed a water moccasin
  2561 | D:5      | HP: 10/45 [poisoned by a water moccasin]
  2562 | D:5      | Reached XP level 7. HP: 11/51 MP: 7/7
  2566 | D:5      | HP: 8/51 [poisoned by a water moccasin]
  2759 | D:5      | Reached skill level 6 in Fighting
  2993 | D:5      | Reached skill level 6 in Polearms
  3225 | D:5      | Reached XP level 8. HP: 41/58 MP: 8/8
  3477 | D:5      | Reached skill level 7 in Fighting
  3554 | D:4      | Reached skill level 7 in Polearms
  3557 | D:4      | HP: 14/60 [orc warrior/bolt (14)]
  3561 | D:4      | Shot with a bolt by an orc warrior

Illustrated notes

Levels and vault maps discovered:
D:1:      ncdulo_watergridlock, layout_basic, minmay_quantized
D:2:      layout_basic, wad_floor_pattern_1, dk_vineyard_1
D:3:      layout_loops_cross, serial_shops, nicolae_shop_rolling_square
D:4:      black_bear_nest_1, layout_cave_pools, minmay_manual_monstrance,
          uniq_blork_the_orc, uniq_edmund
D:5:      layout_rooms

Skill      XL: |  1  2  3  4  5  6  7  8 |
---------------+-------------------------+-----
Polearms       | 3 4 5 6 7 |  7.2
Fighting       | 4 5 6 7 |  7.5
Dodging        | |  3.0
Shields        | |  3.0

Action                     |  1- 3 |  4- 6 |  7- 9 || total
---------------------------+-------+-------+-------++-------
  Melee: Trident           |    76 |    70 |    48 ||   194
         Constrict         |    14 |    11 |     7 ||    32
         Tentacles         |     8 |     8 |     7 ||    23
  Throw: Boomerang         |       |     4 |     2 ||     6
  Evoke: Wand              |       |     2 |       ||     2
    Use: Scroll            |     4 |     6 |     2 ||    12
         Potion            |       |     2 |     1 ||     3
   Stab: Sleeping          |     8 |     4 |     1 ||    13
         Distracted        |     1 |       |       ||     1
 Armour: Skin              |    20 |    32 |    23 ||    75
  Dodge: Dodged            |    19 |    23 |    24 ||    66
  Block: Buckler           |     3 |     7 |    11 ||    21

Table legend: (Time is in decaauts)
 A = Elapsed time spent in this place.
 B = Non-inter-level travel time spent in this place.
 C = Inter-level travel time spent in this place.
 D = Time resting spent in this place.
 E = Time spent auto-exploring this place.
 F = Levels seen in this place.
 G = Mean time per level.
                   A        B        C        D        E       F      G
               +--------+--------+--------+--------+--------+-----+--------+
         Total |   3601 |   3422 |    179 |    824 |   1970 |   5 |  720.2 |
       Dungeon |   3601 |   3422 |    179 |    824 |   1970 |   5 |  720.2 |
               +--------+--------+--------+--------+--------+-----+--------+

Top non-repeatable levels by time:
     D:3: 1010 daAuts
     D:5: 1000 daAuts
     D:2: 685 daAuts
     D:1: 622 daAuts
     D:4: 282 daAuts

Levels and vault maps discovered:
D:1:      ncdulo_watergridlock, layout_basic, minmay_quantized
D:2:      layout_basic, wad_floor_pattern_1, dk_vineyard_1
D:3:      layout_loops_cross, serial_shops, nicolae_shop_rolling_square
D:4:      black_bear_nest_1, layout_cave_pools, minmay_manual_monstrance,
          uniq_blork_the_orc, uniq_edmund
D:5:      layout_rooms

Table legend: (Time is in decaauts)
 A = Elapsed time spent in this place.
 B = Non-inter-level travel time spent in this place.
 C = Inter-level travel time spent in this place.
 D = Time resting spent in this place.
 E = Time spent auto-exploring this place.
 F = Levels seen in this place.
 G = Mean time per level.
                   A        B        C        D        E       F      G
               +--------+--------+--------+--------+--------+-----+--------+
         Total |   3601 |   3422 |    179 |    824 |   1970 |   5 |  720.2 |
       Dungeon |   3601 |   3422 |    179 |    824 |   1970 |   5 |  720.2 |
               +--------+--------+--------+--------+--------+-----+--------+

Top non-repeatable levels by time:
     D:3: 1010 daAuts
     D:5: 1000 daAuts
     D:2: 685 daAuts
     D:1: 622 daAuts
     D:4: 282 daAuts

Table legend:
 A = Kills in this place as a percentage of kills in the entire game.
 B = Kills by you in this place as a percentage of kills by you in the entire game.
 C = Kills by friends in this place as a percentage of kills by friends in the entire game.
 D = Other kills in this place as a percentage of other kills in the entire game.
 E = Experience gained in this place as a percentage of experience gained in the entire game.
 F = Experience gained in this place divided by the number of levels of this place that you have seen.
                   A       B       C       D       E      F
               +-------+-------+-------+-------+-------+----------------------
         Total | 100.0 | 100.0 |   N/A |   N/A | 100.0 | 339.0
       Dungeon | 100.0 | 100.0 |   N/A |   N/A | 100.0 | 339.0
               +-------+-------+-------+-------+-------+----------------------
